 Dungeon Crawl Stone Soup version 0.29-a0-620-g13ace881f2 (webtiles) character file.

Game seed: 11657417549842912375

67 xian the Slasher (level 3, -4/27 HPs)
             Began as a Demonspawn Gladiator on June 19, 2022.
             Slain by a scorpion (5 damage)
             ... on level 3 of the Dungeon.
             The game lasted 00:06:03 (2775 turns).

xian the Slasher (Demonspawn Gladiator)             Turns: 2775, Time: 00:06:03

Health: -4/27      AC:  6    Str: 16    XL:     3   Next: 98%
Magic:  3/3        EV: 14    Int:  9    God:
Gold:   106        SH:  0    Dex: 14    Spells: 2/2 levels left

rFire   . . .      SeeInvis .   a - +0 long sword
rCold   . . .      Faith    .   (no shield)
rNeg    . . .      Spirit   .   b - +0 leather armour
rPois   .          Reflect  .   c - +0 helmet
rElec   .          Harm     .   (no cloak)
rCorr   .          Rampage  .   (no gloves)
Will    .....                   h - +1 pair of boots
Stlth   +.........              (no amulet)
HPRegen 0.09/turn               (no ring)
MPRegen 0.08/turn               (no ring)

@: brilliant, lethally poisoned (-4 -> -10), hasted, very quick
A: repulsion field 1
a: no special abilities


You were on level 3 of the Dungeon.
You visited 1 branch of the dungeon, and saw 3 of its levels.

You collected 134 gold pieces.
You spent 28 gold pieces at shops.

Inventory:

Hand Weapons
 a - a +0 long sword (weapon)
Missiles
 d - 3 throwing nets (quivered)
 e - a javelin
Armour
 b - a +0 leather armour (worn)
 c - a +0 helmet (worn)
 f - a scarf of harm
 h - a +1 pair of boots (worn)
Scrolls
 g - 3 scrolls of teleportation
 l - a scroll of enchant armour
Potions
 i - 2 potions of mutation
 k - 2 potions of brilliance


   Skills:
 + Level 2.2 Fighting
 + Level 3.8 Long Blades
 + Level 1.7 Throwing
 + Level 1.2 Armour
 + Level 2.9 Dodging


You had 2 spell levels left.
You didn't know any spells.
Your spell library contained the following spells:

 Spells                   Type           Power      Damage    Failure   Level
 Apportation              Tloc           0%         N/A       45%         1
 Necrotize                Necr           0%         1d4       45%         1
 Summon Small Mammal      Summ           0%         N/A       45%         1


Dungeon Overview and Level Annotations

Branches:
Dungeon (3/15)

Altars:

Shops:
D:2 *?!*[


Innate Abilities, Weirdness & Mutations

You are surrounded by a mild repulsion field. (EV +2)


Message History

Found an escape hatch in the ceiling.
A scorpion comes into view.
The scorpion barely misses you.
You closely miss the scorpion. The scorpion misses you.
The scorpion closely misses you.
You closely miss the scorpion. The scorpion barely misses you.
You hit the scorpion but do no damage. The scorpion stings you.
You are poisoned.
The scorpion poisons you! The scorpion barely misses you.
You barely miss the scorpion.
You feel very sick. The scorpion closely misses you.
You hit the scorpion.
The scorpion is lightly wounded.
You feel sick. The scorpion closely misses you. The scorpion barely misses you.
You barely miss the scorpion.
The scorpion is lightly wounded.
You feel sick.
The scorpion stings you but does no damage.
You slash the scorpion!
The scorpion is severely wounded.
You feel sick. The scorpion closely misses you. The scorpion stings you.
You hit the scorpion but do no damage.
The scorpion is severely wounded.
You feel sick. The scorpion stings you.
You are lethally poisoned!
The scorpion poisons you!
You hit the scorpion but do no damage.
The scorpion is severely wounded.
* * * LOW HITPOINT WARNING * * *
You feel very sick. The scorpion barely misses you.
It was a potion of brilliance.
You feel clever all of a sudden.
* * * LOW HITPOINT WARNING * * *
You feel sick. The scorpion barely misses you. The scorpion closely misses you.
It was a potion of haste.
You feel yourself speed up.
* * * LOW HITPOINT WARNING * * *
You feel sick. The scorpion stings you.
You die...

.#.#.......#.##..#.#
.#.#.......#.###.#.#
.#.........#.# #...#
............. ##..#
#########(#..# #..#
......# ##.# ###...#
#.# #...####.#
#....s@..#
#...####.# #. ...#
##<.. .#.. .##.# .#
..# .#


You could see a scorpion.

Vanquished Creatures
  An adder (D:3)
  3 worms (D:2)
  A dart slug (D:1)
  2 bats (D:2)
  3 endoplasms
  2 giant cockroaches
  5 goblins
  5 hobgoblins
  5 jackals
  2 quokkas
  4 ball pythons
  2 frilled lizards (D:3)
  3 kobolds
  4 rats
42 creatures vanquished.

Notes
Turn   | Place    | Note
-------+----------+-------------------------------------------
     0 | D:1      | xian the Demonspawn Gladiator began the quest for the Orb.
     0 | D:1      | Reached XP level 1. HP: 16/16 MP: 1/1
    87 | D:1      | Reached skill level 3 in Long Blades
   473 | D:1      | Found a faded altar of an unknown god.
   476 | D:1      | Gained mutation: You are surrounded by a mild repulsion
                  | field. (EV +2) [demonic ancestry]
   476 | D:1      | Reached XP level 2. HP: 21/21 MP: 2/2
  1013 | D:2      | Found Hynlegh's Magic Scroll Shoppe.
  1020 | D:2      | Found Osydic's Distillery.
  1039 | D:2      | Bought a scroll of identify for 28 gold pieces
  1115 | D:2      | Found Ashrogga's General Store.
  1171 | D:2      | Found Zetahipn's General Store.
  1552 | D:2      | Reached skill level 1 in Armour
  1615 | D:2      | Found Lirum's Armour Shoppe.
  1628 | D:2      | Reached XP level 3. HP: 22/27 MP: 3/3
  2762 | D:3      | Noticed a scorpion
  2775 | D:3      | HP: 1/27 [poisoned by a scorpion]
  2775 | D:3      | Slain by a scorpion

Illustrated notes

Levels and vault maps discovered:
D:1:      kilobyte_arrival_exit_the_forest, layout_loops_ring,
          shapermc_ecumenical_altar_gd
D:2:      layout_loops_corners, serial_shops, nicolae_shop_stone, shop_statue,
          nicolae_shop_advertising_works [nicolae_subvault_shop_adworks],
          nicolae_shop_waterfront, nicolae_shop_waterfront, chequers_arboretum
D:3:      minmay_octagon_keep, layout_basic, minmay_starry_boxes, uniq_sigmund

Skill      XL: |  1  2 |
---------------+-------+-----
Long Blades    | 3 |  3.8
Armour         | 1 |  1.2
Fighting       | |  2.2
Throwing       | |  1.7
Dodging        | |  2.9

Action                   || total
-------------------------++-------
Melee: Long sword        ||   134
       Punch             ||     1
  Use: Scroll            ||     4
       Potion            ||     2
 Stab: Sleeping          ||     1
Armor: Leather armour    ||    46
Dodge: Dodged            ||   116

Table legend: (Time is in decaauts)
 A = Elapsed time spent in this place.
 B = Non-inter-level travel time spent in this place.
 C = Inter-level travel time spent in this place.
 D = Time resting spent in this place.
 E = Time spent auto-exploring this place.
 F = Levels seen in this place.
 G = Mean time per level.
                   A        B        C        D        E       F      G
               +--------+--------+--------+--------+--------+-----+--------+
         Total |   2812 |   2737 |     75 |      0 |   1964 |   3 |  937.3 |
       Dungeon |   2812 |   2737 |     75 |      0 |   1964 |   3 |  937.3 |
               +--------+--------+--------+--------+--------+-----+--------+

Top non-repeatable levels by time:
     D:2: 1389 daAuts
     D:1: 1020 daAuts
     D:3: 402 daAuts
